| TOP OF THE 1ST |
|
Punta Cana Cocos batting - Pitching for Port-au-Prince Pirates : RHP Gregory Staffon
|
|
Pitching: RHP Gregory Staffon
|
|
|
Batting: LHB Mike Cole
|
0-0: Ball 1-0: Ball 2-0: Called Strike 2-1: Ball 3-1: Base on Balls
|
|
Batting: RHB Julio Acevedo
|
0-0: Called Strike 0-1: Foul Ball, location: 2F 0-2: Ball 1-2: Ball 2-2: Ball 3-2: Foul Ball, location: 2F 3-2: Foul Ball, location: 2F 3-2: Strikes out looking
|
|
Batting: RHB Jesse Vann
|
0-0: Ball 1-0: Ball 2-0: Foul Ball, location: 2F 2-1: Ball 3-1: Base on Balls Mike Cole to second
|
|
Batting: RHB Tony Brewer
|
0-0: Ball 1-0: Fielders Choice at 2nd, 4-6 (Groundball, 34, EV 98.1 MPH) Mike Cole to third
|
|
Batting: LHB Dan Murphy
|
0-0: Ball 1-0: Ball 2-0: Called Strike 2-1: Foul Ball, location: 2F 2-2: Fielders Choice at 2nd, 6-4 (Groundball, 6, EV 82.5 MPH)
|
| Top of the 1st over - 0 runs, 0 hits, 0 errors, 2 left on base; Punta Cana 0 - Port-au-Prince 0 |
| BOTTOM OF THE 1ST |
|
Port-au-Prince Pirates batting - Pitching for Punta Cana Cocos : RHP Ed Nunez
|
|
Pitching: RHP Ed Nunez
|
|
|
Batting: RHB Robert Duran
|
0-0: Called Strike 0-1: Ball 1-1: Foul Ball, location: 2F 1-2: Ball 2-2: Foul Ball, location: 2F 2-2: Fly out, F6 (Popup, 6MS, EV 65.6 MPH)
|
|
Batting: RHB Bobby Miscik
|
0-0: Fly out, F8 (Flyball, 78M, EV 91.3 MPH)
|
|
Batting: RHB Dennis Tiefenthaler
|
0-0: Ball 1-0: Foul Ball, location: 2F 1-1: Ball 2-1: Ball 3-1: Foul Ball, location: 2F 3-2: Base on Balls
|
|
Batting: LHB John Edmonds
|
0-0: Ball 1-0: Ball 2-0: Swinging Strike 2-1: Swinging Strike 2-2: Foul Ball, location: 2F 2-2: SINGLE (Groundball, 13S, EV 75.6 MPH) (infield hit) Dennis Tiefenthaler to second
|
|
Batting: RHB Ronald Carapezzi
|
0-0: Ball 1-0: Fly out, F8 (Flyball, 8LM, EV 79.4 MPH)
|
| Bottom of the 1st over - 0 runs, 1 hit, 0 errors, 2 left on base; Punta Cana 0 - Port-au-Prince 0 |
| TOP OF THE 2ND |
|
Punta Cana Cocos batting - Pitching for Port-au-Prince Pirates : RHP Gregory Staffon
|
|
Batting: RHB Darrell Miller
|
0-0: Foul Ball, location: 2F 0-1: Swinging Strike 0-2: Ball 1-2: Foul Ball, location: 2F 1-2: Ball 2-2: Ball 3-2: Strikes out looking
|
|
Batting: RHB Tom Roarke
|
0-0: Ball 1-0: Ball 2-0: Ground out 1-3 (Groundball, P, EV 67.5 MPH)
|
|
Batting: RHB William Parmenter
|
0-0: Ball 1-0: Ball 2-0: Ball 3-0: Called Strike 3-1: Base on Balls
|
|
Batting: RHB Cliff Wherry
|
0-0: Swinging Strike 0-1: Ball 1-1: Foul Ball, location: 2F 1-2: Ball 2-2: Ball 3-2: Base on Balls William Parmenter to second
|
|
Batting: LHB Mike Cole
|
0-0: Ball 1-0: Ball 2-0: Ball 3-0: Base on Balls William Parmenter to third Cliff Wherry to second
|
|
Batting: RHB Julio Acevedo
|
0-0: Hit by Pitch William Parmenter scores Cliff Wherry to third Mike Cole to second
|
|
Batting: RHB Jesse Vann
|
0-0: Swinging Strike 0-1: Foul Ball, location: 2F 0-2: Ball 1-2: Foul Ball, location: 2F 1-2: Strikes out swinging
|
| Top of the 2nd over - 1 run, 0 hits, 0 errors, 3 left on base; Punta Cana 1 - Port-au-Prince 0 |
| BOTTOM OF THE 2ND |
|
Port-au-Prince Pirates batting - Pitching for Punta Cana Cocos : RHP Ed Nunez
|
|
Batting: RHB Byron Peyton
|
0-0: Ball 1-0: Ball 2-0: Fly out, F9 (Flyball, 9, EV 88.1 MPH)
|
|
Batting: LHB Tim Jordan
|
0-0: Called Strike 0-1: Foul Ball, location: 2F 0-2: Ball 1-2: Ball 2-2: Ball 3-2: Strikes out swinging
|
|
Batting: RHB Augie Schmidt
|
0-0: Ball 1-0: Foul Ball, location: 2F 1-1: Swinging Strike 1-2: Ball 2-2: Strikes out swinging
|
| Bottom of the 2nd over - 0 runs, 0 hits, 0 errors, 0 left on base; Punta Cana 1 - Port-au-Prince 0 |
| TOP OF THE 3RD |
|
Punta Cana Cocos batting - Pitching for Port-au-Prince Pirates : RHP Gregory Staffon
|
|
Batting: RHB Tony Brewer
|
0-0: Called Strike 0-1: Ball 1-1: Called Strike 1-2: SINGLE (Flyball, 9LS, EV 92.5 MPH)
|
|
Batting: LHB Dan Murphy
|
0-0: Called Strike 0-1: Ball 1-1: Called Strike 1-2: SINGLE (Line Drive, 5D, EV 94.4 MPH) Tony Brewer to second
|
|
Batting: RHB Darrell Miller
|
0-0: Ball 1-0: Ball 2-0: Called Strike 2-1: Called Strike 2-2: Ball 3-2: Strikes out swinging
|
|
Batting: RHB Tom Roarke
|
0-0: Called Strike 0-1: Ball Tony Brewer steals 3rd base Dan Murphy to second 1-1: Called Strike 1-2: Foul Ball, location: 2F 1-2: Strikes out swinging
|
|
Batting: RHB William Parmenter
|
0-0: Called Strike 0-1: Ball 1-1: Ground out 4-3 (Groundball, 34, EV 105.6 MPH)
|
| Top of the 3rd over - 0 runs, 2 hits, 0 errors, 2 left on base; Punta Cana 1 - Port-au-Prince 0 |
| BOTTOM OF THE 3RD |
|
Port-au-Prince Pirates batting - Pitching for Punta Cana Cocos : RHP Ed Nunez
|
|
Batting: RHB Gerry Melillo
|
0-0: Bunted foul 0-1: Called Strike 0-2: Ball 1-2: Ball 2-2: Strikes out swinging
|
|
Batting: RHB Robert Duran
|
0-0: Foul Ball, location: 2F 0-1: Ball 1-1: Swinging Strike 1-2: Foul Ball, location: 2F 1-2: Foul Ball, location: 2F 1-2: Ball 2-2: Ball 3-2: Fly out, F6 (Line Drive, 6, EV 61.9 MPH)
|
|
Batting: RHB Bobby Miscik
|
0-0: Called Strike 0-1: Called Strike 0-2: Ball 1-2: Strikes out looking
|
| Bottom of the 3rd over - 0 runs, 0 hits, 0 errors, 0 left on base; Punta Cana 1 - Port-au-Prince 0 |
| TOP OF THE 4TH |
|
Punta Cana Cocos batting - Pitching for Port-au-Prince Pirates : RHP Gregory Staffon
|
|
Batting: RHB Cliff Wherry
|
0-0: Foul Ball, location: 2F 0-1: Ball 1-1: Ball 2-1: Swinging Strike 2-2: Foul Ball, location: 2F 2-2: Foul Ball, location: 2F 2-2: Fly out, F8 (Flyball, 8LD, EV 93.8 MPH)
|
|
Batting: LHB Mike Cole
|
0-0: Called Strike 0-1: Ball 1-1: Ball 2-1: Ball 3-1: Swinging Strike 3-2: Base on Balls
|
|
Batting: RHB Julio Acevedo
|
0-0: Ball 1-0: Ball 2-0: Foul Ball, location: 2F 2-1: Foul Ball, location: 2F 2-2: Foul Ball, location: 2F 2-2: Ball 3-2: Base on Balls Mike Cole to second
|
|
Batting: RHB Jesse Vann
|
0-0: Called Strike 0-1: Ball 1-1: Called Strike 1-2: Foul Ball, location: 2F 1-2: Fly out, F9 (Line Drive, 9D, EV 99.4 MPH)
|
|
Pitching: RHP Rafael Camarena
|
|
|
Batting: RHB Tony Brewer
|
0-0: Ball 1-0: Called Strike 1-1: Ball 2-1: Ball 3-1: Base on Balls Mike Cole to third Julio Acevedo to second
|
|
Batting: LHB Dan Murphy
|
0-0: Called Strike 0-1: Called Strike 0-2: Foul Ball, location: 2F 0-2: Ball 1-2: Ball 2-2: Fielders Choice at 2nd, 6-4 (Groundball, 6, EV 102.5 MPH)
|
| Top of the 4th over - 0 runs, 0 hits, 0 errors, 3 left on base; Punta Cana 1 - Port-au-Prince 0 |
| BOTTOM OF THE 4TH |
|
Port-au-Prince Pirates batting - Pitching for Punta Cana Cocos : RHP Ed Nunez
|
|
Batting: RHB Dennis Tiefenthaler
|
0-0: SINGLE (Line Drive, 78S, EV 110.6 MPH)
|
|
Batting: LHB John Edmonds
|
0-0: Ball 1-0: Foul Ball, location: 2F 1-1: Swinging Strike 1-2: Strikes out swinging
|
|
Batting: RHB Ronald Carapezzi
|
0-0: Called Strike 0-1: Called Strike 0-2: Foul Ball, location: 2F 0-2: DOUBLE (Line Drive, 3D, EV 96.9 MPH) Dennis Tiefenthaler to third Runner from 3rd tries for Home, SAFE, no throw by RF
|
|
Batting: RHB Byron Peyton
|
0-0: Called Strike 0-1: Ball 1-1: Foul Ball, location: 2F 1-2: Foul Ball, location: 2F 1-2: Ball 2-2: Foul Ball, location: 2F 2-2: Ground out 6-3 (Groundball, 6D, EV 101.3 MPH)
|
|
Batting: LHB Tim Jordan
|
0-0: Ball 1-0: Ground out 6-3 (Groundball, 56, EV 83.1 MPH)
|
| Bottom of the 4th over - 1 run, 2 hits, 0 errors, 1 left on base; Punta Cana 1 - Port-au-Prince 1 |
| TOP OF THE 5TH |
|
Punta Cana Cocos batting - Pitching for Port-au-Prince Pirates : RHP Rafael Camarena
|
|
Batting: RHB Darrell Miller
|
0-0: Ball 1-0: Ball 2-0: Foul Ball, location: 2F 2-1: SINGLE (Groundball, 56S, EV 63.8 MPH) (infield hit)
|
|
Batting: RHB Tom Roarke
|
0-0: Ball 1-0: Fielders Choice at 2nd, 5-4 (Groundball, 56S, EV 82.5 MPH)
|
|
Batting: RHB William Parmenter
|
0-0: Ball 1-0: Called Strike 1-1: Called Strike 1-2: Strikes out looking
|
|
Pitching: RHP Michael Morrissey
|
|
|
Batting: RHB Cliff Wherry
|
0-0: Ball 1-0: Ball 2-0: Ball 3-0: Called Strike 3-1: SINGLE (Line Drive, 89S, EV 98.8 MPH) Tom Roarke to second
|
|
Batting: LHB Mike Cole
|
0-0: Ball 1-0: Ball 2-0: Called Strike 2-1: Ball 3-1: Base on Balls Tom Roarke to third Cliff Wherry to second
|
|
Batting: RHB Julio Acevedo
|
0-0: Ball 1-0: Swinging Strike 1-1: Ball 2-1: Fielders Choice at 2nd, 5-4 (Groundball, 56, EV 85.6 MPH)
|
| Top of the 5th over - 0 runs, 2 hits, 0 errors, 3 left on base; Punta Cana 1 - Port-au-Prince 1 |
| BOTTOM OF THE 5TH |
|
Port-au-Prince Pirates batting - Pitching for Punta Cana Cocos : RHP Ed Nunez
|
|
Batting: RHB Augie Schmidt
|
0-0: SINGLE (Line Drive, 8RS, EV 104.4 MPH)
|
|
Batting: RHB Gerry Melillo
|
0-0: Ball Augie Schmidt steals 2nd base 1-0: Ball 2-0: TRIPLE (Flyball, 9LD, EV 89.4 MPH) Augie Schmidt scores
|
|
Batting: RHB Robert Duran
|
0-0: Ball 1-0: Ball 2-0: Ball 3-0: Called Strike 3-1: Foul Ball, location: 2F 3-2: Ground out 3-1 (Groundball, 34, EV 98.8 MPH)
|
|
Batting: RHB Bobby Miscik
|
0-0: Ball 1-0: Swinging Strike 1-1: Foul Ball, location: 2F 1-2: Ball 2-2: Foul Ball, location: 2F 2-2: SINGLE (Groundball, 56, EV 95.0 MPH) Gerry Melillo scores
|
|
Batting: RHB Dennis Tiefenthaler
|
0-0: Ball 1-0: Called Strike Bobby Miscik steals 2nd base 1-1: Ball 2-1: Fly out, F8 (Flyball, 89D, EV 101.3 MPH) Runner from 2nd tags up, SAFE at 3rd, no throw by CF
|
|
Batting: LHB John Edmonds
|
0-0: Ball Wild Pitch! Bobby Miscik scores 1-0: Fly out, F7 (Flyball, 78M, EV 92.5 MPH)
|
| Bottom of the 5th over - 3 runs, 3 hits, 0 errors, 0 left on base; Punta Cana 1 - Port-au-Prince 4 |
| TOP OF THE 6TH |
|
Punta Cana Cocos batting - Pitching for Port-au-Prince Pirates : RHP Michael Morrissey
|
|
Batting: RHB Jesse Vann
|
0-0: Ball 1-0: Swinging Strike 1-1: Foul Ball, location: 2F 1-2: Ball 2-2: Foul Ball, location: 2F 2-2: Ball 3-2: Base on Balls
|
|
Pitching: RHP Scott Farmer
|
|
|
Batting: RHB Tony Brewer
|
0-0: Ball 1-0: Grounds into double play, 6-4-3 (Groundball, 6S, EV 87.5 MPH)
|
|
Batting: LHB Dan Murphy
|
0-0: Foul Ball, location: 2F 0-1: SINGLE (Flyball, 8LS, EV 93.1 MPH)
|
|
Batting: RHB Darrell Miller
|
0-0: Ball Dan Murphy steals 2nd base 1-0: Ball 2-0: Called Strike 2-1: Fly out, F8 (Flyball, 8RD, EV 90.6 MPH)
|
| Top of the 6th over - 0 runs, 1 hit, 0 errors, 1 left on base; Punta Cana 1 - Port-au-Prince 4 |
| BOTTOM OF THE 6TH |
|
Port-au-Prince Pirates batting - Pitching for Punta Cana Cocos : RHP Ed Nunez
|
|
Batting: RHB Ronald Carapezzi
|
0-0: Ball 1-0: Fly out, F8 (Flyball, 8RD, EV 91.3 MPH)
|
|
Batting: RHB Byron Peyton
|
0-0: Foul Ball, location: 2F 0-1: Ground out 4-3 (Groundball, 34, EV 101.3 MPH)
|
|
Batting: LHB Tim Jordan
|
0-0: Called Strike 0-1: Ball 1-1: Ball 2-1: Swinging Strike 2-2: SOLO HOME RUN (Line Drive, 89XD, EV 103.8 MPH), Distance : 395 ft
|
|
Pitching: RHP Alejandro Pena
|
|
|
Batting: RHB Augie Schmidt
|
0-0: Hit by Pitch
|
|
Batting: RHB Gerry Melillo
|
0-0: Ball Balk! Augie Schmidt to second 1-0: Ball 2-0: Called Strike 2-1: Ball 3-1: Ground out 6-3 (Groundball, 6MD, EV 96.9 MPH)
|
| Bottom of the 6th over - 1 run, 1 hit, 0 errors, 1 left on base; Punta Cana 1 - Port-au-Prince 5 |
| TOP OF THE 7TH |
|
Punta Cana Cocos batting - Pitching for Port-au-Prince Pirates : RHP Scott Farmer
|
|
Batting: RHB Tom Roarke
|
0-0: Called Strike 0-1: Ball 1-1: SINGLE (Flyball, 9LS, EV 88.1 MPH)
|
|
Batting: RHB William Parmenter
|
0-0: Ball 1-0: Called Strike Tom Roarke steals 2nd base 1-1: Foul Ball, location: 2F 1-2: Ball 2-2: Foul Ball, location: 2F 2-2: Strikes out looking
|
|
Batting: RHB Cliff Wherry
|
0-0: Swinging Strike 0-1: Ball 1-1: Ball 2-1: Called Strike 2-2: Ball 3-2: Strikes out looking
|
|
Pitching: LHP Thomas Fiesthumel
|
|
|
Batting: LHB Mike Cole
|
0-0: Swinging Strike 0-1: Ball 1-1: Foul Ball, location: 2F 1-2: Strikes out looking
|
| Top of the 7th over - 0 runs, 1 hit, 0 errors, 1 left on base; Punta Cana 1 - Port-au-Prince 5 |
| BOTTOM OF THE 7TH |
|
Port-au-Prince Pirates batting - Pitching for Punta Cana Cocos : RHP Alejandro Pena
|
|
Batting: RHB Robert Duran
|
0-0: Foul Ball, location: 2F 0-1: Swinging Strike 0-2: Foul Ball, location: 2F 0-2: Strikes out swinging
|
|
Batting: RHB Bobby Miscik
|
0-0: Called Strike 0-1: Fly out, F8 (Flyball, 8RM, EV 81.3 MPH)
|
|
Batting: RHB Dennis Tiefenthaler
|
0-0: Ball 1-0: Called Strike 1-1: SINGLE (Groundball, 6MD, EV 104.4 MPH)
|
|
Batting: LHB John Edmonds
|
0-0: Fielders Choice at 2nd, 6-4 (Groundball, 6, EV 102.5 MPH)
|
| Bottom of the 7th over - 0 runs, 1 hit, 0 errors, 1 left on base; Punta Cana 1 - Port-au-Prince 5 |
| TOP OF THE 8TH |
|
Punta Cana Cocos batting - Pitching for Port-au-Prince Pirates : LHP Thomas Fiesthumel
|
|
Batting: RHB Julio Acevedo
|
0-0: Ball 1-0: Ball 2-0: Called Strike 2-1: Ball 3-1: Swinging Strike 3-2: Base on Balls
|
|
Batting: RHB Jesse Vann
|
0-0: Ball 1-0: Fly out, F4 (Popup, 4S, EV 58.8 MPH)
|
|
Batting: RHB Tony Brewer
|
0-0: Called Strike 0-1: Foul Ball, location: 2F 0-2: Ball 1-2: Fly out, F8 (Flyball, 8LXD, EV 92.5 MPH)
|
|
Batting: LHB Dan Murphy
|
0-0: Foul Ball, location: 2F 0-1: Called Strike 0-2: Ball 1-2: Ball 2-2: Foul Ball, location: 2F 2-2: SINGLE (Line Drive, 89S, EV 99.4 MPH) Julio Acevedo to second Runner from 2nd tries for 3rd, SAFE, throw by CF made to third
|
|
Pitching: LHP Daniel Brown
|
|
|
Batting: RHB Darrell Miller
|
0-0: Fly out, F9 (Line Drive, 9, EV 90.0 MPH)
|
| Top of the 8th over - 0 runs, 1 hit, 0 errors, 2 left on base; Punta Cana 1 - Port-au-Prince 5 |
| BOTTOM OF THE 8TH |
|
Port-au-Prince Pirates batting - Pitching for Punta Cana Cocos : RHP Alejandro Pena
|
|
Batting: RHB Ronald Carapezzi
|
0-0: Ball 1-0: Ball 2-0: Swinging Strike 2-1: Ball 3-1: Base on Balls
|
|
Batting: RHB Byron Peyton
|
0-0: Bunted foul 0-1: Bunt missed! 0-2: Ball 1-2: Ball 2-2: Ball 3-2: Foul Ball, location: 2F 3-2: Foul Ball, location: 2F 3-2: Foul Ball, location: 2F 3-2: Fly out, F9 (Flyball, 89S, EV 88.8 MPH)
|
|
Batting: LHB Tim Jordan
|
0-0: Ball 1-0: Ball 2-0: Foul Ball, location: 2F 2-1: Ball 3-1: Base on Balls Ronald Carapezzi to second
|
|
Batting: RHB Augie Schmidt
|
0-0: Fly out, F1 (Popup, P, EV 85.6 MPH)
|
|
Batting: RHB Gerry Melillo
|
0-0: Called Strike 0-1: Ball 1-1: Foul Ball, location: 2F 1-2: Ball 2-2: Fielders Choice at 2nd, 5-4 (Groundball, 5L, EV 80.6 MPH)
|
| Bottom of the 8th over - 0 runs, 0 hits, 0 errors, 2 left on base; Punta Cana 1 - Port-au-Prince 5 |
| TOP OF THE 9TH |
|
Punta Cana Cocos batting - Pitching for Port-au-Prince Pirates : LHP Daniel Brown
|
|
Batting: RHB Tom Roarke
|
0-0: Foul Ball, location: 2F 0-1: Foul Ball, location: 2F 0-2: Strikes out swinging
|
|
Batting: RHB William Parmenter
|
0-0: Ground out 5-3 (Groundball, 56, EV 88.1 MPH)
|
|
Batting: RHB Cliff Wherry
|
0-0: Called Strike 0-1: Ball 1-1: Ball 2-1: Foul Ball, location: 2F 2-2: Ground out 5-3 (Groundball, 56S, EV 85.6 MPH)
|
| Top of the 9th over - 0 runs, 0 hits, 0 errors, 0 left on base; Punta Cana 1 - Port-au-Prince 5 |
|